 Dungeon Sprint DCSS version 0.30-a0-39-g42789b21ef (webtiles) character file.

Game seed: 9444201234066505344

162 mhtbhm the Geomancer (level 5, -5/28 HPs)
             Began as a Gargoyle Earth Elementalist on Aug 28, 2022.
             Was an Initiate of Vehumet.
             Slain by a deep elf pyromancer
             ... wielding a +1 long sword of holy wrath
              (8 damage)
             ... in the Dungeon (Sprint III: "The Ten Rune Challenge").
             The game lasted 00:02:05 (655 turns).

mhtbhm the Geomancer (Gargoyle Earth Elementalist)   Turns: 655, Time: 00:02:05

Health: -5/28      AC:  6    Str: 11    XL:     5   Next: 43%
Magic:  9/13       EV: 12    Int: 16    God:    Vehumet [......]
Gold:   46         SH:  0    Dex: 10    Spells: 6/16 levels left

rFire   . . .      SeeInvis .    (no weapon)
rCold   . . .      Faith    .    (no shield)
rNeg    + . .      Spirit   .    a - +0 robe
rPois   ∞          Reflect  .    (no helmet)
rElec   +          Harm     .    (no cloak)
rCorr   .          Rampage  .    (no gloves)
Will    .....      NoTele   +    (no boots)
Stlth   ++........               (no amulet)
HPRegen 0.09/turn                (no ring)
MPRegen 0.13/turn                (no ring)

@: no status effects
A: sickness immunity, AC +4, negative energy resistance 1, electricity
resistance, torment resistance 1, petrification resistance, dopey 1
a: Renounce Religion


You were in the Dungeon.
You worshipped Vehumet.
Vehumet was noncommittal.
You visited 1 branch You collected 46 gold pieces.

Inventory:

Armour
 a - a +0 robe (worn)
Scrolls
 i - a scroll of torment {unknown}
 j - a scroll of enchant weapon {unknown}
 l - a scroll of poison {unknown}
 m - 2 scrolls of identify
Potions
 b - 3 potions of magic
 c - a potion of curing
 f - a potion of berserk rage
 k - 2 potions of flight {unknown}
 n - a potion of attraction {unknown}


   Skills:
 + Level 2.8 Dodging
 + Level 3.9 Stealth
 + Level 6.3 Spellcasting
 + Level 1.0 Transmutations
 + Level 9.3 Earth Magic


You had 6 spell levels left.
You knew the following spells:

 Your Spells              Type           Power      Damage    Failure   Level
a - Sandblast             Erth           70%        2d15      1%          1
b - Passwall              Tmut/Erth      17%        N/A       2%          2
c - Stone Arrow           Conj/Erth      40%        3d9       6%          3
d - Petrify               Tmut/Erth      21%        N/A       16%         4

Your spell library contained the following spells:

 Spells                   Type           Power      Damage    Failure   Level
 Ignite Poison            Fire/Tmut/Pois 6%         N/A       34%         3
 Conjure Flame            Conj/Fire      5%         6-21      38%         3
 Sticky Flame             Conj/Fire      5%         2d3       80%         4


Dungeon Overview and Level Annotations

Branches:
Dungeon (1/1)

Altars:
Elyvilon
Kikubaaqudgha
Sif Muna
Vehumet
Zin
The Shining One


Innate Abilities, Weirdness & Mutations

You are immune to sickness and miasma.
Your stone body is resilient. (AC +4)
You are immune to poison.
You resist negative energy. (rN+)
You are resistant to electric shocks. (rElec)
You are resistant to unholy torment.
You are immune to petrification.
You are dopey. (Int -2)


Message History

Aiming: Sandblast (safe; 1% risk of failure)
Press: ? - help, Shift-Dir - straight line, f/p - deep elf pyromancer
Aim: a deep elf pyromancer, wielding a +1 long sword of holy wrath (heavily wounded, 78% to hit)
Okay, then.
You feel much better.
You are covered in liquid flames!
You are no longer on fire.
The deep elf pyromancer hits you but does no damage.
Casting: Sandblast (safe; 1% risk of failure)
Confirm with . or Enter, or press ? or * to list all spells.
Aiming: Sandblast (safe; 1% risk of failure)
Press: ? - help, Shift-Dir - straight line, f/p - deep elf pyromancer
Aim: a deep elf pyromancer, wielding a +1 long sword of holy wrath (heavily wounded, 78% to hit)
The blast of sand misses the deep elf pyromancer.
The deep elf pyromancer barely misses you.
The deep elf pyromancer points at you and mumbles some strange words.
The sticky flame hits you!
You are covered in liquid flames!
Unknown command.
Casting: Sandblast (safe; 1% risk of failure)
Confirm with . or Enter, or press ? or * to list all spells.
Aiming: Sandblast (safe; 1% risk of failure)
Press: ? - help, Shift-Dir - straight line, f/p - deep elf pyromancer
Aim: a deep elf pyromancer, wielding a +1 long sword of holy wrath (heavily wounded, 78% to hit)
The blast of sand hits the deep elf pyromancer!!
The deep elf pyromancer is almost dead.
You are covered in liquid flames!
* * * LOW HITPOINT WARNING * * *
The deep elf pyromancer closely misses you.
Casting: Sandblast (safe; 1% risk of failure)
Confirm with . or Enter, or press ? or * to list all spells.
Aiming: Sandblast (safe; 1% risk of failure)
Press: ? - help, Shift-Dir - straight line, f/p - deep elf pyromancer
Aim: a deep elf pyromancer, wielding a +1 long sword of holy wrath (almost dead, 78% to hit)
The blast of sand misses the deep elf pyromancer.
You are covered in liquid flames!
* * * LOW HITPOINT WARNING * * *
You are no longer on fire.
The deep elf pyromancer hits you with a +1 long sword of holy wrath!
You die...

▓▓▓▓▓▓▓ ▓▓▓ '.....♣♣
♣.##### #......♣ ♣.#___#
#.....♣♣ ♣.#!..#
#....~.♣♣♣♣.###'#+###+##
#...~~♣.....#..e@......#
#..~~~~...♣.'.⌠........#
#..~≈≈~~~♣♣.#...######+#
#.~~≈~~~....#.⌠.#
#.~≈~~~.....#...#
#.~~~.......#'###
#...........#)).#
............#___#
▓▓▓▓▓▓▓▓▓▓▓▓▓▓▓▓▓


You could see a deep elf pyromancer.

Vanquished Creatures
  A water elemental (D)
  Jessica (D)
  A wizard (D)
  A kobold demonologist (D)
  A human (D)
  A wolf (D)
  2 endoplasms (D)
  A rat (D)
9 creatures vanquished.

Notes
Turn   | Place    | Note
-------+----------+-------------------------------------------
     0 | D        | mhtbhm the Gargoyle Earth Elementalist began the quest for
                  | the Orb.
     0 | D        | Reached XP level 1. HP: 10/10 MP: 3/3
     3 | D        | Reached skill level 4 in Earth Magic
    43 | D        | Noticed Jessica
    45 | D        | Killed Jessica
    46 | D        | Reached skill level 6 in Earth Magic
    46 | D        | Reached XP level 2. HP: 15/15 MP: 1/6
    46 | D        | Reached XP level 3. HP: 19/19 MP: 1/8
   115 | D        | Learned a level 2 spell: Passwall
   119 | D        | Learned a level 3 spell: Stone Arrow
   131 | D        | Reached skill level 1 in Transmutations
   219 | D        | Reached skill level 7 in Earth Magic
   219 | D        | Reached XP level 4. HP: 22/24 MP: 6/10
   302 | D        | Learned a level 4 spell: Petrify
   320 | D        | Noticed a water elemental
   345 | D        | Killed a water elemental
   346 | D        | Reached skill level 5 in Spellcasting
   346 | D        | Reached skill level 8 in Earth Magic
   346 | D        | Reached XP level 5. HP: 9/28 MP: 3/13
   567 | D        | Gained mutation: Your natural rate of healing is unusually
                  | fast. [potion of mutation]
   567 | D        | Gained mutation: You are weak. (Str -2) [potion of
                  | mutation]
   567 | D        | Lost mutation: Your natural rate of healing is unusually
                  | fast. [potion of mutation]
   568 | D        | Lost mutation: You are weak. (Str -2) [potion of mutation]
   568 | D        | Gained mutation: You are frail. (-10% HP) [potion of
                  | mutation]
   568 | D        | Gained mutation: Your natural rate of healing is unusually
                  | fast. [potion of mutation]
   568 | D        | Lost mutation: Your natural rate of healing is unusually
                  | fast. [potion of mutation]
   569 | D        | Lost mutation: You are frail. (-10% HP) [potion of
                  | mutation]
   569 | D        | Gained mutation: You are dopey. (Int -2) [potion of
                  | mutation]
   623 | D        | Found a glowing silver altar of Zin.
   623 | D        | Found a glowing golden altar of the Shining One.
   623 | D        | Found a white marble altar of Elyvilon.
   628 | D        | Found a radiant altar of Vehumet.
   628 | D        | Found a shimmering blue altar of Sif Muna.
   628 | D        | Found an ancient bone altar of Kikubaaqudgha.
   630 | D        | Reached skill level 9 in Earth Magic
   636 | D        | Became a worshipper of Vehumet
   649 | D        | Noticed a deep elf pyromancer
   655 | D        | Slain by a deep elf pyromancer

Illustrated notes

Levels and vault maps discovered:
D:        dungeon_sprint_mu [sprint_mu_entry_forest, sprint_mu_temple_rooms,
          sprint_mu_d1_horrors, sprint_mu_d2_genie, sprint_mu_d3_branching,
          sprint_mu_orc_legion, sprint_mu_elf_gauntlet, sprint_mu_hive_nellie,
          sprint_mu_lair_fedhas, sprint_mu_vaults_butterflies,
          sprint_mu_slime_circle, sprint_mu_shoals_kraken,
          sprint_mu_snake_twists, sprint_mu_blade_basic,
          sprint_mu_crypt_chambers, sprint_mu_tomb_spiral,
          sprint_mu_vestibule_basic, sprint_mu_gehenna_hellfire,
          sprint_mu_dis_giant, sprint_mu_tartarus_statrot,
          sprint_mu_cocytus_islands, sprint_mu_zot1]

Skill      XL: |  1  2  3  4  5 |
---------------+----------------+-----
Earth Magic    | 6 7 8 9 |  9.3
Dodging        | 2 |  2.8
Spellcasting   | 3 4 5 6 |  6.3
Stealth        | 3 |  3.9
Transmutations | 1 |  1.0

Action                   |  1- 3 |  4- 6 || total
-------------------------+-------+-------++-------
 Cast: Sandblast         |    12 |    14 ||    26
       Stone Arrow       |       |     1 ||     1
  Use: Potion            |       |     5 ||     5
       Scroll            |       |     1 ||     1
Armor: Robe              |       |     1 ||     1
Dodge: Dodged            |       |     3 ||     3

Table legend: (Time is in decaauts)
 A = Elapsed time spent in this place.
 B = Non-inter-level travel time spent in this place.
 C = Inter-level travel time spent in this place.
 D = Time resting spent in this place.
 E = Time spent auto-exploring this place.
 F = Levels seen in this place.
 G = Mean time per level.
                   A        B        C        D        E       F      G
               +--------+--------+--------+--------+--------+-----+--------+
         Total |    649 |    649 |      0 |    219 |    260 |   1 |  649.0 |
       Dungeon |    649 |    649 |      0 |    219 |    260 |   1 |  649.0 |
               +--------+--------+--------+--------+--------+-----+--------+

Top non-repeatable levels by time:
       D: 649 daAuts
